 Dungeon Crawl Stone Soup version 0.29.1-2-gbd0b4ee654 (webtiles) character file.

Game seed: 2710843038455125342

2 KittyFluff the Trooper (level 1, -1/14 HPs)
             Began as a Gargoyle Berserker on Oct 26, 2022.
             Was a Follower of Trog.
             Slain by a dart slug (2 damage)
             ... on level 1 of the Dungeon.
             The game lasted 00:00:40 (102 turns).

KittyFluff the Trooper (Gargoyle Berserker)          Turns: 102, Time: 00:00:40

Health: -1/14      AC:  4    Str: 20    XL:     1   Next: 40%
Magic:  1/1        EV: 11    Int:  7    God:    Trog [*.....]
Gold:   22         SH:  0    Dex:  9    Spells: 0/0 levels left

rFire   . . .      SeeInvis .   a - +0 mace
rCold   . . .      Faith    .   (no shield)
rNeg    + . .      Spirit   .   b - +0 animal skin
rPois   ∞          Reflect  .   (no helmet)
rElec   +          Harm     .   (no cloak)
rCorr   .          Rampage  .   (no gloves)
Will    .....                   (no boots)
Stlth   +.........              (no amulet)
HPRegen 0.04/turn               (no ring)
MPRegen 0.07/turn               (no ring)

@: no status effects
A: sickness immunity, AC +2, negative energy resistance 1, electricity
resistance, torment resistance 1, petrification resistance
a: Renounce Religion, Berserk


You were on level 1 of the Dungeon.
You worshipped Trog.
Trog was aware of your devotion.
You visited 1 branch of the dungeon, and saw 1 of its levels.

You collected 22 gold pieces.

Inventory:

Hand Weapons
 a - a +0 mace (weapon)
Armour
 b - a +0 animal skin (worn)
Scrolls
 c - a scroll of vulnerability {unknown}


   Skills:
 + Level 3.3 Fighting
 + Level 3.0 Maces & Flails
 * Level 2.2 Armour
 + Level 1.5 Dodging
 + Level 0.5 Stealth


You couldn't memorise any spells.
You didn't know any spells.
Your spell library was empty.

Dungeon Overview and Level Annotations

Branches:
Dungeon (1/15)

Altars:


Innate Abilities, Weirdness & Mutations

You are immune to sickness and miasma.
Your stone body is resilient. (AC +2)
You are immune to poison.
You resist negative energy. (rN+)
You are resistant to electric shocks. (rElec)
You are resistant to unholy torment.
You are immune to petrification.


Message History

c - a scroll labelled YBLOOVOADGH A quokka comes into view.
Found 8 gold pieces.
An endoplasm comes into view.
Found a falchion.
The quokka bites you.
You miss the quokka. The quokka barely misses you.
You hit the quokka.
You kill the quokka!
Trog accepts your kill.
You sock the endoplasm!
You kill the endoplasm!
Trog accepts your kill.
You now have 22 gold pieces (gained 8).
A dart slug comes into view.
Found 5 stones.
The dart slug launches a dart at you. The slug dart misses you.
The dart slug launches a dart at you. The slug dart hits you.
The dart slug launches a dart at you. The slug dart hits you.
* * * LOW HITPOINT WARNING * * *
The dart slug launches a dart at you.
The slug dart hits you but does no damage.
Found a scroll labelled ZOTYMY LIEBB.
The dart slug launches a dart at you. The slug dart hits you.
* * * LOW HITPOINT WARNING * * *
A giant cockroach comes into view.
The dart slug bites you.
* * * LOW HITPOINT WARNING * * *
You thump the dart slug!
The dart slug is severely wounded.
The dart slug launches a dart at you.
The slug dart hits you but does no damage.
You hit the dart slug.
The dart slug is severely wounded.
The dart slug bites you.
You die...

# .#########.###
.............##
.......?......#
................# #
.(....B.........# #
...............# #
#......w......# #
#......@......# #####
#.)...........# ....#
#.............#
###.######.........~~~.~
#........#.........~≈~..
#.#.####.#.........≈≈≈~~
#.#.# #.#........~.~~≈~
#.#.# #..........~.~≈~≈
#.#.# #.#########.~≈≈≈~


You could see a dart slug and a giant cockroach.

Vanquished Creatures
  An endoplasm (D:1)
  A quokka (D:1)
2 creatures vanquished.

Notes
Turn   | Place    | Note
-------+----------+-------------------------------------------
     0 | D:1      | KittyFluff the Gargoyle Berserker began the quest for the
                  | Orb.
     0 | D:1      | Reached XP level 1. HP: 14/14 MP: 1/1
   102 | D:1      | Slain by a dart slug

Illustrated notes

Levels and vault maps discovered:
D:1:      dpeg_arrival_ratfight, layout_basic, chequers_ecumenical_altar_island,
          nicolae_figureground_sparkle

Action                   || total
-------------------------++-------
Melee: Mace              ||     5
Armor: Animal skin       ||     2
Dodge: Dodged            ||     2
